PAA
NORTHVILLE ECLIPSE @ MINNESOTA LOONS
07/17/2026
 
TOP OF THE 1ST
Northville Eclipse batting - Pitching for Minnesota Loons : LHP Gerardo Pagán
Pitching: LHP Gerardo Pagán
Batting: RHB José Silva 0-0: Ball
1-0: Ball
2-0: Called Strike
2-1: Foul Ball, location: 2F
2-2: Foul Ball, location: 2F
2-2: Ball
3-2: Base on Balls
Batting: RHB Dave Shaw 0-0: Ball
1-0: Foul Ball, location: 2F
1-1: Ball
2-1: Foul Ball, location: 2F
2-2: Grounds into double play, 4-6-3 (Groundball, 4)
Batting: RHB Luis Hernández 0-0: DOUBLE (Flyball, 78XD)
Batting: RHB Cosmo Bjorkenheim 0-0: Foul Ball, location: 2F
0-1: Ball
1-1: Fly out, F6 (Line Drive, 6)
Top of the 1st over - 0 run(s), 1 hit(s), 0 error(s), 1 left on base; Northville 0 - Minnesota 0
BOTTOM OF THE 1ST
Minnesota Loons batting - Pitching for Northville Eclipse : RHP Bob Payne
Pitching: RHP Bob Payne
Batting: LHB Juan Aranda 0-0: Ball
1-0: Fly out, F8 (Flyball, 8RM)
Batting: RHB Alex Rucker 0-0: Ball
1-0: Called Strike
1-1: Ball
2-1: Fly out, F9 (Flyball, 9S)
Batting: LHB Michael Malloy 0-0: Ball
1-0: Swinging Strike
1-1: Ground out 4-3 (Groundball, 4)
Bottom of the 1st over - 0 run(s), 0 hit(s), 0 error(s), 0 left on base; Northville 0 - Minnesota 0
TOP OF THE 2ND
Northville Eclipse batting - Pitching for Minnesota Loons : LHP Gerardo Pagán
Batting: RHB Luis Guerrero 0-0: Ground out 1-3 (Groundball, P)
Batting: RHB Alfonso Grappasonni 0-0: Ball
1-0: Ball
2-0: Ground out 5-3 (Groundball, 5L)
Batting: RHB King Tracy 0-0: Called Strike
0-1: Foul Ball, location: 2F
0-2: Ball
1-2: Strikes out swinging
Top of the 2nd over - 0 run(s), 0 hit(s), 0 error(s), 0 left on base; Northville 0 - Minnesota 0
BOTTOM OF THE 2ND
Minnesota Loons batting - Pitching for Northville Eclipse : RHP Bob Payne
Batting: RHB Wilson Vega 0-0: Called Strike
0-1: Swinging Strike
0-2: Ball
1-2: Strikes out swinging
Batting: LHB José León 0-0: Ball
1-0: Ball
2-0: Swinging Strike
2-1: Ball
3-1: Fly out, F4 (Popup, 3D)
Batting: RHB Pierre Bernard 0-0: Called Strike
0-1: Swinging Strike
0-2: Ball
1-2: Foul Ball, location: 2F
1-2: Strikes out swinging
Bottom of the 2nd over - 0 run(s), 0 hit(s), 0 error(s), 0 left on base; Northville 0 - Minnesota 0
TOP OF THE 3RD
Northville Eclipse batting - Pitching for Minnesota Loons : LHP Gerardo Pagán
Batting: RHB Dan Hart 0-0: Called Strike
0-1: Fly out, F9 (Flyball, 9)
Batting: RHB Darby Carveth 0-0: Ball
1-0: Ball
2-0: Swinging Strike
2-1: Foul Ball, location: 2F
2-2: Foul Ball, location: 2F
2-2: Foul Ball, location: 2F
2-2: Strikes out swinging
Batting: RHB José Silva 0-0: Ground out 4-3 (Groundball, 4)
Top of the 3rd over - 0 run(s), 0 hit(s), 0 error(s), 0 left on base; Northville 0 - Minnesota 0
BOTTOM OF THE 3RD
Minnesota Loons batting - Pitching for Northville Eclipse : RHP Bob Payne
Batting: RHB Pau Arria 0-0: Foul Ball, location: 2F
0-1: Foul Ball, location: 2F
0-2: Strikes out looking
Batting: RHB Gilberto Rodríguez 0-0: Foul Ball, location: 2F
0-1: Swinging Strike
0-2: Fly out, F5 (Popup, 56)
Batting: RHB Héctor Rivera 0-0: Ball
1-0: Ball
2-0: Foul Ball, location: 2F
2-1: SINGLE (Groundball, 56D)
Batting: LHB Juan Aranda 0-0: Ball
1-0: Fly out, F7 (Flyball, 7LM)
Bottom of the 3rd over - 0 run(s), 1 hit(s), 0 error(s), 1 left on base; Northville 0 - Minnesota 0
TOP OF THE 4TH
Northville Eclipse batting - Pitching for Minnesota Loons : LHP Gerardo Pagán
Batting: RHB Dave Shaw 0-0: Called Strike
0-1: Fly out, F8 (Flyball, 8LM)
Batting: RHB Luis Hernández 0-0: Foul Ball, location: 2F
0-1: Ball
1-1: SOLO HOME RUN (Flyball, 7D), Distance : 371 ft
Batting: RHB Cosmo Bjorkenheim 0-0: Called Strike
0-1: Reached on error, E6 (Groundball, 6)
Batting: RHB Luis Guerrero 0-0: Ball
1-0: Ball
2-0: Called Strike
2-1: SINGLE (Line Drive, 6MD)
Cosmo Bjorkenheim to third
Batting: RHB Alfonso Grappasonni 0-0: Ball
1-0: Swinging Strike
1-1: Fielders Choice at 2nd, 6-4 (Groundball, 6M)
Cosmo Bjorkenheim scores
Batting: RHB King Tracy 0-0: Called Strike
Alfonso Grappasonni is caught stealing 2nd base
Top of the 4th over - 2 run(s), 2 hit(s), 1 error(s), 0 left on base; Northville 2 - Minnesota 0
BOTTOM OF THE 4TH
Minnesota Loons batting - Pitching for Northville Eclipse : RHP Bob Payne
Batting: RHB Alex Rucker 0-0: Ball
1-0: SINGLE (Flyball, 7S)
Batting: LHB Michael Malloy 0-0: Ball
1-0: SINGLE (Line Drive, 3)
Alex Rucker to second
Batting: RHB Wilson Vega 0-0: Called Strike
0-1: Fly out, F6 (Line Drive, 6)
Batting: LHB José León 0-0: Ball
1-0: Called Strike
1-1: Fly out, F7 (Line Drive, 7)
Batting: RHB Pierre Bernard 0-0: Ball
1-0: Fielders Choice at 2nd, 5-4 (Groundball, 56)
Bottom of the 4th over - 0 run(s), 2 hit(s), 0 error(s), 1 left on base; Northville 2 - Minnesota 0
TOP OF THE 5TH
Northville Eclipse batting - Pitching for Minnesota Loons : LHP Gerardo Pagán
Batting: RHB King Tracy 0-0: Called Strike
0-1: SINGLE (Groundball, 56D)
Batting: RHB Dan Hart 0-0: Sac Bunt - play at second, runner OUT! 5-6
Batting: RHB Darby Carveth 0-0: Foul Ball, location: 2F
0-1: Swinging Strike
0-2: Foul Ball, location: 2F
0-2: Ball
Wild Pitch!
Dan Hart to second
1-2: Ball
2-2: Ball
3-2: Foul Ball, location: 2F
3-2: Strikes out looking
Batting: RHB José Silva 0-0: Ball
1-0: Foul Ball, location: 2F
1-1: Foul Ball, location: 2F
1-2: Ball
2-2: Fly out, F9 (Flyball, 9LM)
Top of the 5th over - 0 run(s), 1 hit(s), 0 error(s), 1 left on base; Northville 2 - Minnesota 0
BOTTOM OF THE 5TH
Minnesota Loons batting - Pitching for Northville Eclipse : RHP Bob Payne
Batting: RHB Pau Arria 0-0: Ball
1-0: Called Strike
1-1: SOLO HOME RUN (Flyball, 78XD), Distance : 415 ft
Batting: RHB Gilberto Rodríguez 0-0: Called Strike
0-1: Called Strike
0-2: Foul Ball, location: 2F
0-2: Ball
1-2: Foul Ball, location: 2F
1-2: Ball
2-2: Ground out 6-3 (Groundball, 6)
Batting: RHB Héctor Rivera 0-0: Ball
1-0: Ball
2-0: Called Strike
2-1: Reached on error, E5 (Groundball, 56)
Batting: LHB Juan Aranda 0-0: Foul Ball, location: 2F
0-1: Swinging Strike
0-2: Fly out, F9 (Line Drive, 89M)
Batting: RHB Alex Rucker 0-0: Called Strike
0-1: 2-RUN HOME RUN (Flyball, 78XD), Distance : 399 ft
Batting: LHB Michael Malloy 0-0: Called Strike
0-1: Ball
1-1: Foul Ball, location: 2F
1-2: Ball
2-2: Ground out 4-3 (Groundball, 4)
Bottom of the 5th over - 3 run(s), 2 hit(s), 1 error(s), 0 left on base; Northville 2 - Minnesota 3
TOP OF THE 6TH
Northville Eclipse batting - Pitching for Minnesota Loons : LHP Gerardo Pagán
Batting: RHB Dave Shaw 0-0: Fly out, F7 (Flyball, 7S)
Batting: RHB Luis Hernández 0-0: Called Strike
0-1: Called Strike
0-2: Ball
1-2: Strikes out swinging
Batting: RHB Cosmo Bjorkenheim 0-0: Ball
1-0: Swinging Strike
1-1: SINGLE (Line Drive, 8LS)
Batting: RHB Luis Guerrero 0-0: Ball
1-0: Fly out, F9 (Flyball, 9)
Top of the 6th over - 0 run(s), 1 hit(s), 0 error(s), 1 left on base; Northville 2 - Minnesota 3
BOTTOM OF THE 6TH
Minnesota Loons batting - Pitching for Northville Eclipse : RHP Bob Payne
Batting: RHB Wilson Vega 0-0: Ball
1-0: Called Strike
1-1: Ball
2-1: Foul Ball, location: 2F
2-2: Ball
3-2: Strikes out looking
Batting: LHB José León 0-0: Called Strike
0-1: Ball
1-1: Swinging Strike
1-2: Strikes out swinging
Batting: RHB Pierre Bernard 0-0: Foul Ball, location: 2F
0-1: Ball
1-1: Swinging Strike
1-2: Foul Ball, location: 2F
1-2: Ball
2-2: SINGLE (Line Drive, 78M)
Batting: RHB Pau Arria 0-0: Ball
1-0: Fielders Choice at 2nd, 5-4 (Groundball, 56)
Bottom of the 6th over - 0 run(s), 1 hit(s), 0 error(s), 0 left on base; Northville 2 - Minnesota 3
TOP OF THE 7TH
Northville Eclipse batting - Pitching for Minnesota Loons : LHP Gerardo Pagán
Batting: RHB Alfonso Grappasonni 0-0: Ball
1-0: Ground out 1-3 (Groundball, 13S)
Batting: RHB King Tracy 0-0: Ball
1-0: SINGLE (Line Drive, 89S)
Batting: RHB Dan Hart 0-0: Called Strike
0-1: Ball
1-1: SINGLE (Groundball, 6MD)
King Tracy to second
Batting: RHB Darby Carveth 0-0: Foul Ball, location: 2F
0-1: Foul Ball, location: 2F
0-2: Ball
1-2: Ball
2-2: Foul Ball, location: 2F
2-2: Foul Ball, location: 2F
2-2: Ball
3-2: Base on Balls
King Tracy to third
Dan Hart to second
Batting: RHB José Silva 0-0: Ball
1-0: Called Strike
1-1: Ball
2-1: SINGLE (Flyball, 8LS)
King Tracy scores
Dan Hart to third
Darby Carveth to second
Batting: RHB Dave Shaw 0-0: Swinging Strike
0-1: Called Strike
0-2: Foul Ball, location: 2F
0-2: Foul Ball, location: 2F
0-2: Ball
1-2: Ball
2-2: SINGLE (Line Drive, 4D)
Dan Hart scores
Darby Carveth to third
José Silva to second
Pitching: RHP José Larranaga
Batting: RHB Luis Hernández 0-0: Fly out, F7 (Flyball, 78M)
Runner from 3rd tags up, SCORES, throw made
Batting: RHB Cosmo Bjorkenheim 0-0: Fielders Choice at 2nd, 4-6 (Groundball, 4)
Top of the 7th over - 3 run(s), 4 hit(s), 0 error(s), 1 left on base; Northville 5 - Minnesota 3
BOTTOM OF THE 7TH
Minnesota Loons batting - Pitching for Northville Eclipse : RHP Bob Payne
Batting: RHB Gilberto Rodríguez 0-0: Called Strike
0-1: Ball
1-1: Foul Ball, location: 2F
1-2: Foul Ball, location: 2F
1-2: Ball
2-2: Ball
3-2: Foul Ball, location: 2F
3-2: Fly out, F7 (Flyball, 7LS)
Batting: RHB Héctor Rivera 0-0: Ball
1-0: Ball
2-0: Called Strike
2-1: Foul Ball, location: 2F
2-2: Ball
3-2: Base on Balls
Batting: LHB Juan Aranda 0-0: Ball
1-0: Ball
2-0: Ball
3-0: Base on Balls
Héctor Rivera to second
Batting: RHB Alex Rucker 0-0: Fly out, F9 (Flyball, 9)
Batting: LHB Michael Malloy 0-0: Swinging Strike
0-1: Foul Ball, location: 2F
0-2: Fly out, F7 (Flyball, 7)
Bottom of the 7th over - 0 run(s), 0 hit(s), 0 error(s), 2 left on base; Northville 5 - Minnesota 3
TOP OF THE 8TH
Northville Eclipse batting - Pitching for Minnesota Loons : RHP José Larranaga
Batting: RHB Luis Guerrero 0-0: Foul Ball, location: 2F
0-1: Foul Ball, location: 2F
0-2: Foul Ball, location: 2F
0-2: Fly out, F8 (Flyball, 89S)
Batting: RHB Alfonso Grappasonni 0-0: Called Strike
0-1: Swinging Strike
0-2: Foul Ball, location: 2F
0-2: Ball
1-2: Ball
2-2: Ball
3-2: Ground out 6-3 (Groundball, 6)
Batting: RHB King Tracy 0-0: Called Strike
0-1: Ground out 5-3 (Groundball, 56)
Top of the 8th over - 0 run(s), 0 hit(s), 0 error(s), 0 left on base; Northville 5 - Minnesota 3
BOTTOM OF THE 8TH
Minnesota Loons batting - Pitching for Northville Eclipse : RHP Bob Payne
Batting: RHB Wilson Vega 0-0: Ball
1-0: Called Strike
1-1: Fly out, F4 (Popup, 3D)
Pitching: RHP Kyle MacRae
Batting: LHB José León 0-0: Called Strike
0-1: Ball
1-1: Ball
2-1: Foul Ball, location: 2F
2-2: Fly out, F9 (Flyball, 9LM)
Batting: RHB Pierre Bernard 0-0: Called Strike
0-1: Fly out, F7 (Flyball, 7)
Bottom of the 8th over - 0 run(s), 0 hit(s), 0 error(s), 0 left on base; Northville 5 - Minnesota 3
TOP OF THE 9TH
Northville Eclipse batting - Pitching for Minnesota Loons : RHP José Larranaga
Batting: RHB Dan Hart 0-0: Ball
1-0: Ball
2-0: Ground out 5-3 (Groundball, 5L)
Batting: RHB Darby Carveth 0-0: Ball
1-0: Ball
2-0: Called Strike
2-1: Ground out 5-3 (Groundball, 56S)
Batting: RHB José Silva 0-0: Ground out 5-3 (Groundball, 56)
Top of the 9th over - 0 run(s), 0 hit(s), 0 error(s), 0 left on base; Northville 5 - Minnesota 3
BOTTOM OF THE 9TH
Minnesota Loons batting - Pitching for Northville Eclipse : RHP Kyle MacRae
Pitching: RHP Ricardo Ramírez
Batting: RHB Pau Arria 0-0: Fly out, F7 (Flyball, 7S)
Batting: RHB Gilberto Rodríguez 0-0: Ball
1-0: Called Strike
1-1: Ball
2-1: Ball
3-1: Base on Balls
Pinch Hitting: RHB Lytle Creek 0-0: Fly out, F5 (Popup, 5L)
Batting: LHB Juan Aranda 0-0: Called Strike
0-1: Swinging Strike
0-2: Ball
1-2: Foul Ball, location: 2F
1-2: TRIPLE (Flyball, 7LS)
Gilberto Rodríguez scores
Batting: RHB Alex Rucker 0-0: Called Strike
0-1: Ball
1-1: Ball
2-1: Foul Ball, location: 2F
2-2: Foul Ball, location: 2F
2-2: Ball
3-2: Ground out 1-3 (Groundball, 13S)
Bottom of the 9th over - 1 run(s), 1 hit(s), 0 error(s), 1 left on base; Northville 5 - Minnesota 4
Monday, March 20th, 2017 - OOTP Baseball 17.12 Build 75